AoeStats
← tmonteiro

MegaRandom

508514912Analyzed
2v2 RM · 9d ago on Sep 22, 2026· 52m 14s· 4 players
Game mode
Random Map
Map size
Medium (4 player)
Population
200
Speed
Normal
Resources
Standard
Victory
Conquest
Starting age
Dark Age
Ending age
Imperial Age
RankedLock teamsTeams togetherTeam positionsShared explorationLock speedFull tech treeHidden civsTurbo modeCheats
Victory
Defeat
🇺🇸 Varangians · United States
1254
+17
🇨🇴 Franks · Colombia
1241
+18
🇵🇹 Vikings · Portugal
1334
-20
🇵🇹 Cumans · Portugal
1222
-18
Femboy Hooters
2:12 Loom
11:01 Feudal Age
11:39 Double-Bit Axe
12:20 Horse Collar
18:33 Castle Age
19:34 Wheelbarrow
19:53 Husbandry
27:16 Scale Barding Armor
27:32 Gold Mining
27:38 Stone Mining
28:19 Bow Saw
28:53 Bloodlines
29:43 Heavy Plow
31:14 Forging
31:25 Chain Barding Armor
34:23 Imperial Age
33:34 Iron Casting
32:53 Fletching
33:51 Town Watch
34:23 Hand Cart
36:59 Elite Jarl
38:01 Conscription
37:57 Devotion
39:03 Blast Furnace
38:38 Plate Barding Armor
38:00 Bodkin Arrow
43:21 Town Patrol
44:57 Crop Rotation
44:53 Caravan
46:26 Chemistry
45:47 Ballistics
45:39 Fortified Wall
45:24 Murder Holes
45:35 Siege Engineers
45:40 Masonry
CLB_Shaka
2:56 Loom
9:57 Feudal Age
16:00 Castle Age
14:59 Double-Bit Axe
27:43 Forging
29:39 Wheelbarrow
29:32 Scale Barding Armor
32:21 Iron Casting
35:58 Imperial Age
34:46 Husbandry
35:07 Chain Barding Armor
36:03 Cavalier
37:21 Hand Cart
37:02 Gold Mining
38:56 Paladin
41:59 Blast Furnace
41:36 Plate Barding Armor
44:22 Caravan
44:37 Elite Throwing Axeman
46:57 Scale Mail Armor
49:50 Chain Mail Armor
51:57 Plate Mail Armor
KardeiRa !
10:42 Feudal Age
14:35 Castle Age
13:12 Double-Bit Axe
13:19 Gold Mining
14:43 Horse Collar
15:47 Medium Warships
19:48 Bow Saw
20:41 Town Watch
20:44 Loom
23:49 Fletching
24:01 Fishing Lines
27:14 Heavy Plow
27:07 Stone Mining
28:47 Gold Shaft Mining
32:39 Imperial Age
30:24 Scale Mail Armor
30:59 Forging
31:41 Chain Mail Armor
31:41 Chieftains
32:40 Iron Casting
32:42 Elite Berserk
34:15 Conscription
33:45 Capped Ram
35:03 Plate Mail Armor
38:53 Blast Furnace
38:29 Siege Ram
43:26 Squires
43:13 Arson
44:44 Bodkin Arrow
47:52 Crossbowman
48:47 Bracer
49:10 Ballistics
49:40 Padded Archer Armor
49:08 Arbalester
51:12 Chemistry
tmonteiro
4:10 Loom
5:05 Loom
10:07 Feudal Age
11:32 Double-Bit Axe
20:20 Wheelbarrow
19:33 Horse Collar
22:00 Town Watch
25:05 Castle Age
23:25 Fishing Lines
24:26 Bloodlines
24:26 Scale Barding Armor
24:34 Forging
26:19 Chain Barding Armor
26:35 Iron Casting
26:17 Bow Saw
28:06 Heavy Plow
32:01 Fletching
32:45 Hand Cart
35:17 Imperial Age
32:56 Arson
33:21 Gillnets
34:02 Bodkin Arrow
34:22 Masonry
34:55 Scale Mail Armor
35:03 Murder Holes
35:11 Squires
34:32 Pikeman
37:00 Two-Man Saw
35:29 Cavalier
36:47 Plate Barding Armor
37:28 Paladin
38:50 Crop Rotation
40:01 Chemistry
39:54 Medium Warships
39:46 Halberdier
40:44 Caravan
41:55 Blast Furnace
41:35 Conscription
44:56 Hoardings
45:25 Chain Mail Armor
45:12 Town Patrol
Connection lost

Rejoining the realm…

Still unreachable

The connection could not be restored.

Session expired

The server has moved on; the page needs a fresh start.